 Dungeon Crawl Stone Soup version 0.29-a0-284-gf9362112df (webtiles) character file.

Game seed: 5292909796160731982

58 Hubjo the Sneak (level 3, 0/27 HPs)
             Began as a Demonspawn Enchanter on Mar 23, 2022.
             Slain by an orc
             ... wielding a +0 dagger
              (4 damage)
             ... on level 2 of the Dungeon.
             The game lasted 00:02:13 (1928 turns).

Hubjo the Sneak (Demonspawn Enchanter)              Turns: 1928, Time: 00:02:13

Health: 0/27       AC:  2    Str:  8    XL:     3   Next: 76%
Magic:  6/6        EV: 12    Int: 16    God:
Gold:   75         SH:  0    Dex: 15    Spells: 6/6 levels left

rFire   . . .      SeeInvis .   a - +1 dagger
rCold   . . .      Faith    .   (no shield)
rNeg    . . .      Spirit   .   b - +0 robe
rPois   .          Reflect  .   (no helmet)
rElec   .          Harm     .   (no cloak)
rCorr   .          Rampage  .   (no gloves)
Will    .....                   (no boots)
Stlth   ++........              (no amulet)
HPRegen 0.09/turn               (no ring)
MPRegen 0.10/turn               (no ring)

@: no status effects
A: hooves 1
a: no special abilities


You were on level 2 of the Dungeon.
You visited 1 branch of the dungeon, and saw 2 of its levels.

You collected 75 gold pieces.

Inventory:

Hand Weapons
 a - a +1 dagger (weapon)
Armour
 b - a +0 robe (worn)
 g - a +0 chain mail of fire resistance
Jewellery
 e - a ring of flight
Wands
 m - a wand of polymorph (7)
Scrolls
 f - a scroll of enchant armour {unknown}
 i - 2 scrolls of identify {unknown}
Potions
 c - 3 potions of invisibility
 d - a potion of haste {unknown}
 h - a potion of heal wounds {unknown}
 j - 2 potions of magic {unknown}
 k - a potion of curing
 l - a potion of cancellation {unknown}


   Skills:
 * Level 2.0 Fighting
 - Level 0.8 Short Blades
 - Level 1.7 Dodging
 * Level 3.5 Stealth
 + Level 2.4 Spellcasting
 - Level 3.0 Hexes


You had 6 spell levels left.
You didn't know any spells.
Your spell library contained the following spells:

 Spells                   Type           Power      Damage    Failure   Level
 Ensorcelled Hibernation  Hex/Ice        12%        N/A       16%         2
 Confusing Touch          Hex            11%        N/A       17%         3
 Tukima's Dance           Hex            11%        N/A       17%         3
 Dazzling Flash           Conj/Hex       12%        N/A       32%         3


Dungeon Overview and Level Annotations

Branches:
Dungeon (2/15)

Altars:


Innate Abilities, Weirdness & Mutations

You have large cloven feet.


Message History

The orc wizard is heavily wounded.
The orc wizard hits you but does no damage.
You hit the orc wizard.
The orc wizard is severely wounded.
The orc wizard barely misses you.
You hit the orc wizard. You kick the orc wizard.
The orc wizard is almost dead.
The orc wizard barely misses you.
You closely miss the orc wizard.
You kick the orc wizard, but do no damage.
The orc wizard is almost dead.
The orc wizard hits you with a +0 dagger.
You hit the orc wizard.
You kill the orc wizard!
Your Fighting skill increases to level 2!
You hit the orc. Your kick misses the orc.
The orc is lightly wounded.
The orc hits you with a +0 dagger.
* * * LOW HITPOINT WARNING * * *
You hit the orc but do no damage.
The orc is lightly wounded.
The orc barely misses you.
You hit the orc but do no damage.
The orc is lightly wounded.
The orc hits you with a +0 dagger.
* * * LOW HITPOINT WARNING * * *
You hit the orc but do no damage.
The orc is lightly wounded.
The orc barely misses you.
You hit the orc. You kick the orc, but do no damage.
The orc is moderately wounded.
The orc hits you with a +0 dagger.
* * * LOW HITPOINT WARNING * * *
You barely miss the orc. You kick the orc, but do no damage.
The orc is moderately wounded.
The orc closely misses you.
You hit the orc. Your kick misses the orc.
The orc is moderately wounded.
The orc hits you with a +0 dagger.
You die...

.########.###.... .# #.#
##.# .# #.#####.# .####
##.......# ....#
##...###### #
.##.###.....## ##.#
....##.......## ....#
.##.#.........####...###
....'.........'.@ow.....
.##.#.........####...###
###.##.......## ..#
....###.....## .# ....#
##...## # ##### ##'##
####### #.# ......# #.#
###.#.###.##


You could see a dart slug and an orc.

Vanquished Creatures
  An orc wizard (D:2)
  An adder (D:2)
  An orc (D:2)
  3 endoplasms (D:1)
  3 giant cockroaches
  2 goblins (D:1)
  A hobgoblin (D:2)
  A quokka (D:1)
  A bat (D:1)
  4 frilled lizards
  3 kobolds (D:1)
  4 rats (D:1)
25 creatures vanquished.

Vanquished Creatures (others)
  A bat (D:1)
1 creature vanquished.

Grand Total: 26 creatures vanquished

Notes
Turn   | Place    | Note
-------+----------+-------------------------------------------
     0 | D:1      | Hubjo the Demonspawn Enchanter began the quest for the Orb.
     0 | D:1      | Reached XP level 1. HP: 13/13 MP: 3/3
   709 | D:1      | Discovered your monstrous ancestry.
   709 | D:1      | Gained mutation: You have large cloven feet. [demonic
                  | ancestry]
   709 | D:1      | Reached XP level 2. HP: 20/20 MP: 5/5
   805 | D:1      | Reached skill level 1 in Fighting
  1358 | D:2      | Reached XP level 3. HP: 4/26 MP: 6/6
  1928 | D:2      | Slain by an orc

Illustrated notes

Levels and vault maps discovered:
D:1:      heliophobic_arrival_glass_houses, layout_basic
D:2:      layout_loops_corners, solitary_fountain

Skill      XL: |  1  2  3 |
---------------+----------+-----
Stealth        | 3 |  3.5
Fighting       | 1 2 |  2.0
Short Blades   | |  0.8
Dodging        | |  1.7
Spellcasting   | |  2.4
Hexes          | |  3.0

Action                   || total
-------------------------++-------
Melee: Dagger            ||   133
       Kick              ||    15
       Unarmed           ||     9
  Use: Potion            ||     2
 Stab: Sleeping          ||     4
Armor: Robe              ||    28
Dodge: Dodged            ||    96

Table legend: (Time is in decaauts)
 A = Elapsed time spent in this place.
 B = Non-inter-level travel time spent in this place.
 C = Inter-level travel time spent in this place.
 D = Time resting spent in this place.
 E = Time spent auto-exploring this place.
 F = Levels seen in this place.
 G = Mean time per level.
                   A        B        C        D        E       F      G
               +--------+--------+--------+--------+--------+-----+--------+
         Total |   1921 |   1893 |     28 |    184 |   1352 |   2 |  960.5 |
       Dungeon |   1921 |   1893 |     28 |    184 |   1352 |   2 |  960.5 |
               +--------+--------+--------+--------+--------+-----+--------+

Top non-repeatable levels by time:
     D:1: 1309 daAuts
     D:2: 612 daAuts
